AoeStats
← KoYu1

MegaRandom

505826851Analyzed
1v1 RM · 23d ago on Sep 11, 2026· 33m 16s· 2 players
Game mode
Random Map
Map size
Tiny (2 player)
Population
200
Speed
Normal
Resources
Standard
Victory
Conquest
Starting age
Dark Age
Ending age
Imperial Age
RankedLock teamsTeams togetherTeam positionsShared explorationLock speedFull tech treeHidden civsTurbo modeCheats
Victory
Defeat
🇳🇱 Huns · Netherlands
1123
+16
🇦🇺 Khitans · Australia
1126
-16
Pumpk1nL0rd
15:09 Feudal Age
15:05 Loom
17:06 Double-Bit Axe
20:13 Fletching
22:06 Town Watch
27:24 Castle Age
25:36 Padded Archer Armor
26:53 Gold Mining
27:48 Bloodlines
28:51 Wheelbarrow
28:30 Husbandry
27:51 Light Cavalry
28:28 Bodkin Arrow
28:50 Leather Archer Armor
28:51 Thumb Ring
28:20 Crossbowman
30:20 Scale Barding Armor
KoYu1
9:28 Loom
11:20 Feudal Age
13:31 Double-Bit Axe
13:42 Domestication
16:28 Man-at-Arms
27:08 Wheelbarrow
28:36 Castle Age
28:06 Scale Barding Armor
28:12 Forging
28:59 Wheelbarrow
29:19 Husbandry
29:23 Crossbowman
Connection lost

Rejoining the realm…

Still unreachable

The connection could not be restored.

Session expired

The server has moved on; the page needs a fresh start.